 Dungeon Crawl Stone Soup version 0.24.0-41-g2ae2f7f1be (webtiles) character file.

Game seed: 17536608343006480480, levelgen mode: deterministic

51426 DildoBatman the Geomancer (level 15, -1/91 (97) HPs)
             Began as a Formicid Wizard on Dec 14, 2019.
             Was an Initiate of Gozag.
             Slain by a fire elemental (4 damage)
             ... summoned by a deep elf mage
             ... on level 12 of the Dungeon.
             The game lasted 01:38:25 (19500 turns).

DildoBatman the Geomancer (Formicid Wizard)        Turns: 19500, Time: 01:38:25

HP:   -1/91 (97)    AC: 15    Str:  9    XL:     15   Next: 2%
MP:   34/37         EV: 14    Int: 25    God:    Gozag
Gold: 2786          SH:  0    Dex: 11    Spells: 2/33 levels left

rFire    + . .     SeeInvis +   j - +10 dagger "Uwkuciacs" {flame, Fragile +Inv MP+9}
rCold    + . .     Gourm    .   (no shield)
rNeg     . . .     Faith    .   o - +3 troll leather armour {Snorg}
rPois    +         Spirit   .   (helmet unavailable)
rElec    +         Reflect  .   B - +0 cloak
rCorr    +         Harm     .   p - +2 pair of gloves
MR       +....     Clarity  +   i - +1 pair of boots
Stlth    +.........             r - amulet of regeneration
HPRegen  1.05/turn              y - +2 ring of dexterity
MPRegen  0.25/turn              m - ring of poison resistance

@: liquid flames, resistant, glowing
A: permanent stasis, dig shafts and tunnels, four strong arms, antennae 3,
blurry vision 1, clarity, frail 1, weak 1, evolution 1
a: Dig, Shaft Self, Potion Petition, Call Merchant, Bribe Branch, Renounce
Religion, Evoke Invisibility


You were on level 12 of the Dungeon.
You worshipped Gozag.
Gozag was most pleased with you.
You were not hungry.

You visited 4 branches of the dungeon, and saw 22 of its levels.
You also visited: Bailey.

You collected 3630 gold pieces.
You spent 366 gold pieces at shops.
You paid 478 gold pieces to Gozag.

Inventory:

Hand Weapons
 c - a +0 hunting sling
 d - a +4 scimitar of flaming
 j - the +10 dagger "Uwkuciacs" (weapon) {flame, Fragile +Inv MP+9}
   (You took it off Duvessa on level 6 of the Dungeon)

   It has been specially enchanted to burn those struck by it, causing extra
   injury to most foes and up to half again as much damage against particularly
   susceptible opponents.
   It affects your magic capacity (+9).
   It lets you turn invisible.
   It will be destroyed if unequipped.
 D - the +9 hand axe "Marerch" {holy, rF+ MP+9 Dex+4, unknown}
   (You found it in a bailey)

   It has been blessed by the Shining One to cause great damage to the undead
   and demons.
   It affects your dexterity (+4).
   It protects you from fire.
   It affects your magic capacity (+9).
Missiles
 h - 10 atropa-tipped darts (quivered)
 n - 101 sling bullets
 u - 624 bolts
 J - 9 silver boomerangs
 K - 3 silver javelins
 L - 403 arrows
 N - 11 javelins
 Q - 4 datura-tipped darts
 S - a throwing net
Armour
 i - a +1 pair of boots (worn)
 o - a +3 troll leather armour (worn) {Snorg}
 p - a +2 pair of gloves (worn)
 B - a +0 cloak (worn)
Jewellery
 m - a ring of poison resistance (right hand)
 r - an amulet of regeneration (around neck)
 y - a +2 ring of dexterity (left hand)
 Z - a cursed amulet of inaccuracy {unknown}
Wands
 a - a wand of flame (26)
 w - a wand of iceblast (17)
 z - a wand of paralysis (14)
 A - a wand of acid (2)
Scrolls
 b - a scroll of random uselessness {unknown}
 e - 2 scrolls of immolation {unknown}
 f - 7 scrolls of identify
 x - 8 scrolls of remove curse
 C - 2 scrolls of magic mapping
 G - 2 scrolls of enchant weapon
 H - 2 scrolls of fear {unknown}
 I - a scroll of fog {unknown}
 O - 2 scrolls of blinking {unknown}
 R - 4 scrolls of enchant armour {unknown}
 T - 2 scrolls of amnesia
 V - a scroll of summoning
 X - a scroll of holy word {unknown}
Potions
 g - a potion of berserk rage {unknown}
 k - 5 potions of curing
 l - 6 potions of flight
 q - 3 potions of haste {unknown}
 t - a potion of might
 E - a potion of invisibility {unknown}
 F - a potion of resistance
 M - a potion of mutation
 P - 3 potions of heal wounds
 W - a potion of brilliance {unknown}
 Y - a potion of lignification {unknown}
Comestibles
 v - 20 rations


   Skills:
 - Level 7.5 Fighting
 - Level 7.5 Armour
 - Level 6.6 Dodging
 - Level 2.4 Stealth
 - Level 9.6 Spellcasting
 - Level 6.0 Conjurations
 - Level 4.7 Charms
   Level 1.0 Summonings
 - Level 12.1 Necromancy
   Level 0.8 Translocations
 - Level 5.2 Fire Magic
 - Level 5.3 Air Magic
 * Level 12.7 Earth Magic
 - Level 4.0 Evocations


You had 2 spell levels left.
You knew the following spells:

 Your Spells              Type           Power        Failure   Level  Hunger
a - Conjure Flame         Conj/Fire      #####...     1%          3    None
b - Bolt of Draining      Conj/Necr      ######....   4%          5    ####...
c - Magic Dart            Conj           ####         1%          1    None
d - Regeneration          Chrm/Necr      ######....   1%          3    None
e - Mephitic Cloud        Conj/Pois/Air  ####....     4%          3    None
f - Shatter               Erth           ######....   100%        9    #######
h - Dispel Undead         Necr           ######..     1%          5    ####...
z - Sublimation of Blood  Necr           ######....   1%          2    None

Your spell library contained the following spells:

 Spells                   Type           Power        Failure   Level  Hunger
 Animate Skeleton         Necr           N/A          1%          1    None
 Pain                     Necr           ####         1%          1    None
 Sting                    Conj/Pois      ####         1%          1    None
 Poisonous Vapours        Pois/Air       ####..       3%          2    None
 Throw Frost              Conj/Ice       ####..       3%          2    None
 Freeze                   Ice            ##..         7%          1    None
 Call Imp                 Summ           ###.....     7%          2    None
 Slow                     Hex            ##......     11%         2    None
 Animate Dead             Necr           N/A          1%          4    #......
 Leda's Liquefaction      Hex/Erth       #####.....   4%          4    #......
 Excruciating Wounds      Chrm/Necr      ######....   6%          5    ####...
 Bolt of Magma            Conj/Fire/Erth ######....   7%          5    ####...
 Death Channel            Necr           ######....   7%          6    ######.
 Ozocubu's Armour         Chrm/Ice       ###.....     8%          3    None
 Throw Icicle             Conj/Ice       ####....     19%         4    #......
 Iron Shot                Conj/Erth      ######....   22%         6    ######.
 Venom Bolt               Conj/Pois      ####......   47%         5    ####...
 Summon Ice Beast         Ice/Summ       ##......     50%         4    #......
 Olgreb's Toxic Radiance  Pois           ##......     56%         4    #......
 Statue Form              Tmut/Erth      #####....    58%         6    ######.
 Borgnjor's Revivificati  Necr           ######....   97%         8    #######
 Infestation              Necr           ######....   97%         8    #######
 Haunt                    Necr/Summ      #####.....   98%         7    #######
 Death's Door             Chrm/Necr      ######....   100%        8    #######
 Necromutation            Tmut/Necr      #####.....   100%        8    #######
 Blink                    Tloc           Unusable     N/A         2    N/A

Dungeon Overview and Level Annotations

Branches:
Dungeon (13/15)            Temple (1/1) D:5            Lair (6/6) D:11
 Shoals (0/4) Lair:3        Snake (0/4) Lair:4        Slime (0/5) Lair:6
    Orc (2/2) D:11            Elf (0/3) Orc:2        Bailey (visited)
 Vaults: D:13-14

Altars:
Ashenzari
Cheibriados
Dithmenos
Elyvilon
Fedhas
Gozag
Hepliaklqana
Kikubaaqudgha
Makhleb
Nemelex Xobeh
Okawaru
Qazlal
Ru
Sif Muna
Trog
Uskayaw
Vehumet
Wu Jian
Xom
Yredelemnul
Zin
The Shining One
Beogh

Shops:
D:5 }   Orc:1 [   Orc:2 =[[

Annotations:
D:1 1 exclusion
Lair:2 2 transporters, exclusion: 2 oklob plants, dustbiter's ghost, journeyman DsAK
Lair:6 Rupert


Innate Abilities, Weirdness & Mutations

You cannot be hasted, slowed, berserked, paralysed or teleported.
You can dig through walls and to a lower floor.
Your four strong arms can wield two-handed weapons with a shield.
You have a pair of large antennae on your head. (SInv)
Scrolls take you a little longer to read.
You possess an exceptional clarity of mind.
You are frail. (-10% HP)
You are weak. (Str -2)
You evolve.


Message History

The sticky flame misses you. The centaur warrior closely misses you.
The fire elemental closely misses you.
The fire elemental completely misses you.
You feel protected.
You are covered in liquid flames!
The fire elemental hits you. The fire elemental burns you! You resist.
The centaur warrior hits you!
The deep elf mage hits you with a +0 rapier!
The fire elemental hits you. The fire elemental burns you! You resist.
The fire elemental barely misses you. The fire elemental hits you.
The fire elemental burns you! You resist.
You die...
Your body crumbles into a pile of gold.

##### #...### ######
####.....##
#.#..#####.........#
#..°e..#...###.....#
##...E@c...##
####..#
##....EE....## ####
##............##
#..............# ###
##.............# #.#
#............## ..#
###..........## ..#
##..#........## ..#
###..###...###..##


You could see a centaur warrior, a deep elf mage and 3 fire elementals.

Vanquished Creatures
  Gastronok (D:7)
  Snorg (D:11)
  Erolcha (D:11)
  4 hydras
  A centaur warrior (Orc:2)
  3 two-headed ogres
  Erica (D:8)
  3 skeletal warriors (D:12)
  2 unseen horrors
  4 orc knights
  Pikel (D:7)
  A cyclops (D:12)
  2 ugly things (D:12)
  A manticore (D:11)
  2 orc sorcerers
  Maurice (D:7)
  4 black mambas
  A merfolk siren (Lair:3)
  6 spiny frogs
  A gargoyle (D:10)
  A catoblepas zombie (Lair:6)
  11 komodo dragons
  4 hydra zombies
  A polar bear (Lair:3)
  5 trolls
  2 slime creatures
  A hydra skeleton (D:7)
  10 blink frogs
  Prince Ribbit (D:5)
  Grinder (D:3)
  A harpy skeleton (D:7)
  8 hippogriffs
  5 dream sheep (Lair:6)
  2 black mamba zombies (Lair:6)
  2 wraiths
  36 yaks
  2 wyverns
  A fire dragon skeleton (D:12)
  A human (D:9)
  3 basilisks
  Grum (Lair:1)
  2 black mamba skeletons (Lair:6)
  Eustachio (D:6)
  Menkaure (D:6)
  4 wargs
  An acid dragon (D:11)
  Edmund (D:6)
  2 spiny frog zombies
  10 water moccasins
  2 soldier ants
  Duvessa (D:6)
  A sky beast (D:7)
  9 porcupines
  47 orc warriors
  2 blink frog zombies
  2 ice beasts
  4 slaves (D:7)
  2 necrophages
  An eye of draining (D:12)
  A spiny frog skeleton (Lair:1)
  3 black bears
  16 ogres
  An elf skeleton (D:12)
  11 crocodiles
  A torpor snail zombie (Lair:5)
  3 wolves (Lair:1)
  A dream sheep skeleton (Lair:6)
  13 centaurs
  2 rime drake zombies
  A blink frog skeleton (Lair:6)
  2 fire crab zombies
  2 big kobolds
  21 bullfrogs
  A hippogriff skeleton (Lair:6)
  Dowan (D:6)
  3 wyvern skeletons
  2 scorpions
  3 water moccasin zombies
  A yak zombie (Lair:5)
  2 water moccasin skeletons
  A yak skeleton (D:12)
  6 wights
  A howler monkey (D:5)
  3 crimson imps
  3 centaur zombies
  Crazy Yiuf (D:2)
  6 bullfrog zombies
  4 quasits
  5 hounds
  6 jellies
  18 orc priests
  6 bullfrog skeletons
  18 orc wizards
  6 centaur skeletons
  2 iguanas (D:9)
  Jessica (D:1)
  A porcupine zombie (Lair:3)
  Ijyb (D:4)
  13 worker ants
  2 porcupine skeletons (Lair:1)
  A crocodile zombie (Lair:5)
  3 hound zombies
  An ogre skeleton (Orc:2)
  2 hound skeletons
  3 gnolls (D:4)
  16 adders
  3 orc skeletons
  4 shadow imps
  2 oozes (D:5)
  2 worms
  A dart slug (D:1)
  4 leopard geckos
  81 orcs
  5 bats
  9 giant cockroaches
  8 goblins
  5 hobgoblins
  9 jackals
  3 quokkas
  2 ball pythons (D:3)
  6 frilled lizards
  A jackal skeleton (D:5)
  14 kobolds
  A leopard gecko skeleton (D:5)
  2 quokka skeletons
  7 rats
  9 plants (Lair:3)
632 creatures vanquished.

Vanquished Creatures (collateral kills)
  A yak (D:12)
1 creature vanquished.

Vanquished Creatures (others)
  A crimson imp (D:13)
  An orc wizard (D:7)
  2 orcs (D:7)
  3 fungi
  A plant (Lair:3)
8 creatures vanquished.

Grand Total: 641 creatures vanquished

Notes
Turn   | Place    | Note
-------+----------+-------------------------------------------
     0 | D:1      | DildoBatman the Formicid Wizard began the quest for the
                  | Orb.
     0 | D:1      | Reached XP level 1. HP: 13/13 MP: 4/4
    96 | D:1      | Reached skill level 1 in Conjurations
   368 | D:1      | Reached XP level 2. HP: 19/19 MP: 0/6
   721 | D:1      | Reached XP level 3. HP: 18/24 MP: 5/7
   726 | D:1      | Learned a level 3 spell: Conjure Flame
   730 | D:1      | Learned a level 3 spell: Mephitic Cloud
  1169 | D:2      | Noticed Jessica
  1608 | D:2      | Found a sacrificial altar of Ru.
  1809 | D:2      | Found a runed translucent door.
  1810 | D:2      | Noticed Crazy Yiuf
  2141 | D:3      | Reached XP level 4. HP: 29/30 MP: 2/8
  2314 | D:3      | Noticed Grinder
  2545 | D:3      | Found a radiant altar of Vehumet.
  2659 | D:3      | Reached XP level 5. HP: 34/35 MP: 9/9
  2824 | D:3      | Found a sacrificial altar of Ru.
  2854 | D:3      | Found an ancient bone altar of Kikubaaqudgha.
  2859 | D:3      | Became a worshipper of Kikubaaqudgha
  2997 | D:1      | Killed Jessica
  3159 | D:4      | Noticed Ijyb
  3396 | D:4      | Killed Ijyb
  3459 | D:4      | Reached skill level 5 in Conjurations
  3459 | D:4      | Reached XP level 6. HP: 19/41 MP: 10/10
  3783 | D:4      | Reached XP level 7. HP: 32/46 MP: 6/11
  4057 | D:5      | Entered Level 5 of the Dungeon
  4121 | D:5      | Reached skill level 1 in Fire Magic
  4121 | D:5      | Reached skill level 1 in Air Magic
  4160 | D:5      | Found a staircase to the Ecumenical Temple.
  4177 | Temple   | Entered the Ecumenical Temple
  4348 | D:5      | Found an iron altar of Okawaru.
  4365 | D:5      | Reached * piety under Kikubaaqudgha
  4365 | D:5      | Identified Kikubaaqudgha's Catalogue of Dark Magic
                  | (Kikubaaqudgha gifted it to you on level 5 of the Dungeon)
  4365 | D:5      | Received a gift from Kikubaaqudgha
  4395 | D:5      | Learned a level 2 spell: Sublimation of Blood
  4399 | D:5      | Learned a level 3 spell: Regeneration
  4427 | D:5      | Noticed Prince Ribbit
  4439 | D:5      | Killed Prince Ribbit
  4478 | D:5      | Reached XP level 8. HP: 52/52 MP: 1/12
  4563 | D:5      | Found a shadowy altar of Dithmenos.
  4666 | D:5      | Found Ystecrux's Gadget Shop.
  4937 | D:6      | Found a stormy altar of Qazlal.
  5035 | D:6      | Noticed Eustachio
  5075 | D:6      | Killed Eustachio
  5112 | D:6      | Noticed Dowan
  5112 | D:6      | Identified the +10 dagger "Uwkuciacs" {flame, Fragile +Inv
                  | MP+9}
  5112 | D:6      | Noticed Duvessa
  5156 | D:6      | Killed Duvessa
  5156 | D:6      | Reached skill level 5 in Fire Magic
  5161 | D:6      | Killed Dowan
  5163 | D:6      | Reached XP level 9. HP: 41/57 MP: 3/13
  5402 | D:6      | Noticed Edmund
  5413 | D:6      | Killed Edmund
  5413 | D:6      | Reached skill level 5 in Air Magic
  5559 | D:6      | Found a blossoming altar of Fedhas.
  5681 | D:3      | Killed Grinder
  5795 | D:2      | Killed Crazy Yiuf
  5897 | D:7      | Reached ** piety under Kikubaaqudgha
  5911 | D:7      | Noticed Menkaure
  5963 | D:6      | You fall into a shaft and drop 1 floor!
  6061 | D:7      | Noticed Pikel
  6106 | D:7      | Found a hazy altar of Hepliaklqana.
  6124 | D:7      | Killed Pikel
  6130 | D:7      | Reached skill level 5 in Necromancy
  6130 | D:7      | Reached XP level 10. HP: 54/63 MP: 6/14
  6428 | D:7      | Found an opulent altar of Gozag.
  6622 | D:6      | Killed Menkaure
  6734 | D:8      | Noticed Gastronok
  6747 | D:8      | Noticed Maurice
  6935 | D:7      | Killed Maurice
  6973 | D:8      | Noticed Erica
  7104 | D:8      | Killed Erica
  7355 | D:8      | Reached *** piety under Kikubaaqudgha
  7355 | D:8      | Identified Kikubaaqudgha's Almanac of Evil Rites
                  | (Kikubaaqudgha gifted it to you on level 8 of the Dungeon)
  7355 | D:8      | Received a gift from Kikubaaqudgha
  7374 | D:8      | Learned a level 5 spell: Dispel Undead
  7720 | D:9      | Reached skill level 5 in Spellcasting
  7765 | D:9      | Reached XP level 11. HP: 64/68 MP: 19/19
  7794 | D:9      | Learned a level 5 spell: Bolt of Draining
  7819 | D:9      | Found a flagged portal.
  7902 | D:9      | Found a white marble altar of Elyvilon.
  8012 | Bailey   | Entered a bailey
  8012 | Bailey   | Noticed an orc knight
  8150 | Bailey   | Reached **** piety under Kikubaaqudgha
  8187 | Bailey   | Killed an orc knight
  8187 | Bailey   | Reached skill level 10 in Necromancy
  8306 | Bailey   | Got a crude hand axe
  8438 | D:9      | Found a burning altar of Makhleb.
  8438 | D:9      | Found a glowing silver altar of Zin.
  8439 | D:9      | Found a bloodstained altar of Trog.
  8992 | D:10     | Entered Level 10 of the Dungeon
  9242 | D:10     | Reached skill level 1 in Evocations
  9370 | D:10     | Noticed a two-headed ogre
  9391 | D:10     | Killed a two-headed ogre
  9544 | D:10     | Noticed an unseen horror
  9557 | D:10     | Killed an unseen horror
  9702 | D:11     | Reached XP level 12. HP: 65/74 MP: 23/23
  9790 | D:11     | Noticed Snorg
  9801 | D:11     | Killed Snorg
  9853 | D:11     | Found a staircase to the Orcish Mines.
  9869 | D:11     | Reached skill level 1 in Fighting
  9869 | D:11     | Reached skill level 1 in Armour
  9998 | D:11     | Reached ***** piety under Kikubaaqudgha
 10169 | D:11     | Found a staircase to the Lair.
 10372 | D:11     | Noticed Erolcha
 10385 | D:11     | Killed Erolcha
 10660 | Orc:1    | Entered Level 1 of the Orcish Mines
 10976 | Orc:1    | Found Viwas's Antique Armour Boutique.
 11140 | Orc:1    | Reached skill level 5 in Fighting
 11140 | Orc:1    | Reached skill level 5 in Armour
 11201 | Orc:1    | Noticed a two-headed ogre
 11225 | Orc:1    | Killed a two-headed ogre
 11345 | Orc:1    | Reached XP level 13. HP: 75/91 MP: 24/24
 11422 | Orc:2    | Entered Level 2 of the Orcish Mines
 11429 | Orc:2    | Found a staircase to the Elven Halls.
 11510 | Orc:2    | Reached skill level 5 in Dodging
 11783 | Orc:2    | Noticed a centaur warrior
 11789 | Orc:2    | Killed a centaur warrior
 11813 | Orc:2    | Gained mutation: You are weak. (Str -2) [potion of
                  | mutation]
 11813 | Orc:2    | Gained mutation: You evolve. [potion of mutation]
 11813 | Orc:2    | Gained mutation: You possess an exceptional clarity of
                  | mind. [potion of mutation]
 11947 | Orc:2    | Reached ****** piety under Kikubaaqudgha
 11967 | Orc:1    | Received a gift from Kikubaaqudgha
 11969 | Orc:1    | Fell from the grace of Kikubaaqudgha
 12150 | D:7      | Became a worshipper of Gozag Ym Sagoz the Greedy
 12182 | D:7      | Killed Gastronok
 12453 | Orc:2    | Gained mutation: You are frail. (-10% HP) [evolution]
 12540 | Orc:2    | Found a roughly hewn altar of Beogh.
 12666 | Orc:2    | Found a roughly hewn altar of Beogh.
 12782 | Orc:2    | Found Vel Loon's Antique Armour Boutique.
 12782 | Orc:2    | Found Nockanwe's Armour Shoppe.
 12784 | Orc:2    | Found Weador's Jewellery Emporium.
 12786 | Orc:2    | Found Onlisot's Armour Shop.
 12897 | Orc:2    | Bought a pair of embroidered gloves for 217 gold pieces
 12899 | Orc:2    | Bought a +1 pair of boots for 149 gold pieces
 13000 | Lair:1   | Entered Level 1 of the Lair of Beasts
 13267 | Lair:1   | Noticed Grum
 13304 | Lair:1   | Killed Grum
 13828 | Lair:2   | Found a transporter.
 13861 | Lair:2   | Noticed an eight-headed hydra
 13877 | Lair:2   | Killed an eight-headed hydra
 14209 | Lair:2   | Noticed dustbiter's ghost (journeyman DsAK)
 14229 | Lair:2   | Found a transporter.
 14233 | Lair:2   | Noticed a six-headed hydra
 14535 | Lair:3   | Learned a level 9 spell: Shatter
 14548 | Lair:3   | Reached skill level 1 in Earth Magic
 14596 | Lair:3   | Found a staircase to the Shoals.
 14653 | Lair:3   | Reached XP level 14. HP: 90/90 MP: 27/27
 14875 | Lair:3   | Got a pair of faintly glowing gloves
 15104 | Lair:3   | Reached skill level 5 in Earth Magic
 15880 | Lair:4   | Found a staircase to the Snake Pit.
 16538 | Lair:5   | Gained mutation: Scrolls take you a little longer to read.
                  | [evolution]
 17074 | Lair:6   | Entered Level 6 of the Lair of Beasts
 17186 | Lair:6   | Reached skill level 10 in Earth Magic
 17220 | Lair:6   | Found a staircase to the Slime Pits.
 17787 | Lair:6   | Noticed Rupert
 18378 | D:12     | Identified the +0 pair of gloves of Morality {-Tele Str+2
                  | SInv} (You found it on level 3 of the Lair of Beasts)
 18894 | D:12     | Was forgiven by Kikubaaqudgha
 19329 | D:13     | Reached XP level 15. HP: 91/91 MP: 24/28
 19500 | D:12     | HP: 4/91 [fire elemental[a deep elf mage] (3)]
 19500 | D:12     | Slain by a fire elemental

Levels and vault maps discovered:
D:1:      psy_arrival_whirlpool, layout_loops_ring, minmay_statues_item,
          hangedman_abyss_or_decor_stabs, chequers_serial_rivers_micro_c,
          kennysheep_boxes
D:2:      layout_loops_cross, overflow_temple_1_default, uniq_jessica,
          uniq_crazy_yiuf_cottage
D:3:      layout_basic, kiku_gazebo_garden_becter, vehumet_crystals,
          first_ration, nicolae_ru_the_path_less_chosen, uniq_grinder
D:4:      layout_basic, dk_noncrumbling_4, uniq_ijyb
D:5:      layout_basic, lemuel_doored_altar, okawaru_ov_weapons_minmay,
          temple_fountains, serial_shops, shop, uniq_prince_ribbit1
D:6:      layout_basic, grunt_qazlal_sundering, overflow_temple_1_default,
          minmay_circle_x, uniq_duvessa, uniq_eustachio, uniq_edmund
D:7:      layout_rooms, overflow_temple_1_default, grunt_gozag_statues,
          uniq_pikel, uniq_menkaure
D:8:      layout_basic, uniq_erica, uniq_maurice, uniq_gastronok
D:9:      layout_stronghold, gammafunk_temple_overflow_claw,
          kennysheep_mini_moat, enter_bailey_3, grunt_pizzeria
D:10:     layout_rooms
D:11:     layout_loops_ring, lair_entry_dummy, david_orc_3, serial_glass,
          glass_columns_a, glass_columns_a, uniq_erolcha, uniq_snorg
D:12:     layout_cave_pods, patterned_corridor
D:13:     layout_cave_pools
Temple:   dpeg_three_leaves_temple
Lair:1:   layout_hall_layers, uniq_grum
Lair:2:   layout_loops_ring, gammafunk_ghost_berserking_beasts,
          infiniplex_staircase_pool, minmay_lair_oklob_chamber
Lair:3:   layout_regular_city, minmay_shoals_entry_lonely_mermaid,
          wad_woods_road_06, grunt_megastairs_5
Lair:4:   layout_hall_layers, dummy_snake_entry, grunt_megastairs_1
Lair:5:   layout_loops_ring
Lair:6:   cheibrodos_lair_end_hotspot, layout_regular_city,
          minmay_slime_entry_pillars, st_stairs_8, lookout_lair_type,
          uniq_rupert
Orc:1:    layout_caves, serial_shops, shop, minmay_orc_keep
Orc:2:    st_orc_rangers, layout_diamond_mine, basic_altar, mines2_david

Skill      XL: |  1  2  3  4  5  6  7  8  9 10 11 12 13 14 |
---------------+-------------------------------------------+-----
Conjurations   | 1 2 3 4 5 6 |  6.0
Fire Magic     | 3 5 |  5.2
Air Magic      | 2 4 5 |  5.3
Charms         | 4 |  4.7
Necromancy     | 5 9 11 12 | 12.1
Spellcasting   | 5 7 9 |  9.6
Evocations     | 4 |  4.0
Fighting       | 5 7 |  7.5
Armour         | 5 7 |  7.5
Dodging        | 4 6 |  6.6
Earth Magic    | 2 12 | 12.7
Stealth        | |  2.4
Summonings     | |  1.0
Translocations | |  0.8

Action                   |  1- 3 |  4- 6 |  7- 9 | 10-12 | 13-15 || total
-------------------------+-------+-------+-------+-------+-------++-------
Melee: Club              |    12 |       |       |       |       ||    12
       Unarmed           |     1 |       |     7 |       |       ||     8
       Hand axe          |    12 |    32 |       |       |       ||    44
       Dagger            |       |    27 |   143 |   417 |   947 ||  1534
Throw: Dart              |    11 |    25 |     2 |     9 |     7 ||    54
       Boomerang         |       |       |    36 |     2 |       ||    38
 Cast: Magic Dart        |    59 |    51 |    73 |    74 |    56 ||   313
       Mephitic Cloud    |     2 |    10 |    15 |    74 |   111 ||   212
       Conjure Flame     |       |     1 |    16 |    59 |   123 ||   199
       Regeneration      |       |       |     5 |    39 |    30 ||    74
       Sublimation of Bl |       |       |     4 |    17 |    16 ||    37
       Bolt of Draining  |       |       |       |    19 |    32 ||    51
       Dispel Undead     |       |       |       |     2 |     8 ||    10
Invok: Receive Necronomi |       |       |       |       |     1 ||     1
       Renounce Religion |       |       |       |       |     1 ||     1
 Abil: Dig               |       |     4 |    11 |    47 |    27 ||    89
       Shaft Self        |       |       |     1 |       |       ||     1
Evoke: Wand              |       |       |     2 |     8 |       ||    10
  Use: Scroll            |       |     4 |     3 |     7 |     1 ||    15
       Potion            |       |     3 |     3 |       |     4 ||    10
 Stab: Sleeping          |     3 |       |     3 |     1 |       ||     7
       Confused          |       |     1 |     6 |    21 |    41 ||    69
       Distracted        |       |       |       |       |     1 ||     1
  Eat: Chunk             |     3 |     8 |    11 |    33 |     6 ||    61
       Ration            |       |       |       |       |    11 ||    11
Armor: Robe              |     6 |    16 |    51 |    50 |       ||   123
       Troll leather arm |       |       |       |    31 |   326 ||   357
Dodge: Dodged            |    27 |    37 |    94 |   212 |   578 ||   948
